 Dungeon Crawl Stone Soup version 0.28-a0-925-gd5e1996cdb (webtiles) character file.

Game seed: 9965253020895663353

61 AlleluiaPinecone the Ducker (level 4, -1/37 HPs)
             Began as a Ghoul Gladiator on Nov 26, 2021.
             Slain by Grinder (7 damage)
             ... on level 3 of the Dungeon.
             The game lasted 00:02:41 (1844 turns).

AlleluiaPinecone the Ducker (Ghoul Gladiator)       Turns: 1844, Time: 00:02:42

Health: -1/37      AC:  4    Str: 17    XL:     4   Next: 7%
Magic:  3/3        EV: 12    Int:  3    God:
Gold:   41         SH:  0    Dex: 11    Spells: 3/3 levels left

rFire   . . .      SeeInvis .   a - +1 dagger (venom)
rCold   + . .      Faith    .   (no shield)
rNeg    + + +      Spirit   .   b - +0 leather armour
rPois   ∞          Reflect  .   c - +0 helmet
rElec   .          Harm     .   (no cloak)
rCorr   .          Rampage  .   (no gloves)
Will    .....                   (no boots)
Stlth   +.........              (no amulet)
HPRegen 0.00/turn               (no ring)
MPRegen 0.08/turn               (no ring)

@: inhibited regen
A: claws 1, cold resistance 1, negative energy resistance 3, inhibited
regeneration, torment resistance 2
a: no special abilities


You were on level 3 of the Dungeon.
You visited 1 branch of the dungeon, and saw 3 of its levels.

You collected 41 gold pieces.

Inventory:

Hand Weapons
 a - a +1 dagger of venom (weapon)
Missiles
 d - 3 throwing nets (quivered)
 e - 53 stones
 f - 11 poisoned darts
 i - 26 sling bullets
 n - 3 boomerangs
 p - 13 arrows
Armour
 b - a +0 leather armour (worn)
 c - a +0 helmet (worn)
 l - a +0 kite shield
Scrolls
 g - a scroll of summoning {unknown}
 h - a scroll of torment {unknown}
 o - a scroll of teleportation {unknown}
Potions
 j - a potion of brilliance {unknown}
 k - a potion of curing {unknown}
 m - 2 potions of lignification {unknown}


   Skills:
 + Level 2.5 Fighting
 * Level 1.4 Short Blades
 - Level 2.7 Polearms
 + Level 2.1 Throwing
 + Level 0.7 Armour
 + Level 3.3 Dodging


You had 3 spell levels left.
You didn't know any spells.
Your spell library contained the following spells:

 Spells                   Type           Power      Damage    Failure   Level
 Pain                     Necr           0%         1d4       58%         1
 Ozocubu's Armour         Ice            0%         N/A       91%         3
 Ozocubu's Refrigeration  Ice            0%         4d5       100%        7


Dungeon Overview and Level Annotations

Branches:
Dungeon (3/15)

Altars:

Annotations:
D:3 Grinder


Innate Abilities, Weirdness & Mutations

You thrive by killing the living.
You are immune to poison.
You have sharp fingernails.
Your flesh is cold resistant. (rC+)
You are immune to negative energy. (rN+++)
You do not regenerate when monsters are visible.
You are immune to unholy pain and torment.


Message History

Grinder hits you.
* * * LOW HITPOINT WARNING * * *
You can move again.
You are too injured to fight recklessly!
Unknown command.
You are too injured to fight recklessly!
Unknown command.
You are too injured to fight recklessly!
Unknown command.
You hit Grinder but do no damage.
Grinder is moderately wounded.
You hit Grinder.
Grinder is heavily wounded.
Grinder hits you but does no damage.
You hit Grinder but do no damage.
Grinder is heavily wounded.
Grinder hits you but does no damage.
You hit Grinder but do no damage.
Grinder is heavily wounded.
Grinder misses you.
You barely miss Grinder.
Grinder is heavily wounded.
Grinder barely misses you.
You hit Grinder but do no damage.
Grinder is heavily wounded.
Grinder hits you but does no damage.
You barely miss Grinder.
Grinder is heavily wounded.
Grinder barely misses you.
You closely miss Grinder.
Grinder is heavily wounded.
Grinder closely misses you.
You hit Grinder.
Grinder is poisoned.
Grinder is heavily wounded.
Grinder hits you.
* * * LOW HITPOINT WARNING * * *
You hit Grinder.
Grinder is severely wounded.
Grinder hits you!
You die...

#.# .# #######.#
.# . #.......##.#
..####.......##.#
.............##.#
..............#.#
.........!..#.#.#
..####......#...#
#..^@..##..#
#..[5..##..#
#......###.#
........# #.#
#####+#### #.#
#.# #.# #.##
#####
#..#####....


You could see Grinder (very poisoned).

Vanquished Creatures
  Jessica (D:2)
  An adder (D:2)
  2 ball pythons (D:2)
  A bat (D:2)
  3 endoplasms
  5 goblins
  2 hobgoblins
  3 jackals (D:2)
  A kobold (D:2)
  3 rats
22 creatures vanquished.

Notes
Turn   | Place    | Note
-------+----------+-------------------------------------------
     0 | D:1      | AlleluiaPinecone the Ghoul Gladiator began the quest for
                  | the Orb.
     0 | D:1      | Reached XP level 1. HP: 17/17 MP: 0/0
   490 | D:1      | Found a faded altar of an unknown god.
   498 | D:1      | Got Plato's Guide on Black Arts
   714 | D:2      | Noticed Jessica
   724 | D:2      | Killed Jessica
   725 | D:2      | Reached skill level 1 in Short Blades
   725 | D:2      | Reached skill level 3 in Dodging
   725 | D:2      | Reached XP level 2. HP: 25/25 MP: 1/1
   725 | D:2      | Reached XP level 3. HP: 30/30 MP: 2/2
  1529 | D:2      | Reached XP level 4. HP: 36/37 MP: 3/3
  1811 | D:3      | Noticed Grinder
  1830 | D:3      | Paralysed by Grinder for 4 turns
  1844 | D:3      | Slain by Grinder

Illustrated notes

Levels and vault maps discovered:
D:1:      minmay_arrival_shattered_statue, layout_loops_ring,
          shapermc_ecumenical_altar_rom_forum
D:2:      layout_loops_corners, uniq_jessica
D:3:      minmay_octagon_keep, layout_basic, nicolae_underground_beach,
          uniq_sigmund, uniq_robin, uniq_grinder

Skill      XL: |  1 |
---------------+----+-----
Short Blades   | 1 |  1.4
Throwing       | 2 |  2.1
Dodging        | 3 |  3.3
Fighting       | |  2.5
Polearms       | |  2.7
Armour         | |  0.7

Action                   |  1- 3 |  4- 6 || total
-------------------------+-------+-------++-------
Melee: Dagger            |    62 |    29 ||    91
       Trident           |    13 |       ||    13
Armor: Leather armour    |    26 |     3 ||    29
Dodge: Dodged            |    42 |    22 ||    64

Table legend: (Time is in decaauts)
 A = Elapsed time spent in this place.
 B = Non-inter-level travel time spent in this place.
 C = Inter-level travel time spent in this place.
 D = Time resting spent in this place.
 E = Time spent auto-exploring this place.
 F = Levels seen in this place.
 G = Mean time per level.
                   A        B        C        D        E       F      G
               +--------+--------+--------+--------+--------+-----+--------+
         Total |   1838 |   1779 |     59 |      0 |   1549 |   3 |  612.7 |
       Dungeon |   1838 |   1779 |     59 |      0 |   1549 |   3 |  612.7 |
               +--------+--------+--------+--------+--------+-----+--------+

Top non-repeatable levels by time:
     D:2: 1001 daAuts
     D:1: 708 daAuts
     D:3: 129 daAuts
